[Event "4th Tata Steel India Blitz Open 2022"]
[Site "Kolkota"]
[Date "2022.12.04"]
[Round "13.5"]
[White "So, Wesley"]
[Black "Maghsoodloo, Parham"]
[Result "1/2-1/2"]
[ECO "E10"]
[WhiteElo "2760"]
[BlackElo "2720"]
[Annotator "TA"]
[PlyCount "194"]
[EventDate "2022.11.29"]
[EventType "tourn"]
[EventCountry "IND"]
[SourceTitle "playchess.com"]
[Source "ChessBase"]
[SourceQuality "1"]
[TimeControl "180+2"]

1. d4 Nf6 2. c4 e6 3. Nf3 h6 4. Nc3 Bb4 5. Qc2 c5 6. dxc5 Na6 7. g3 Nxc5 8. Bg2 b6 9. O-O Bb7 10. Nb5 Nce4 11. Bf4 O-O 12. a3 Be7 13. Nfd4 a6 14. Nc3 $1 Nc5 15. b4 Bxg2 16. Kxg2 Nb7 17. Rfd1 (17. Qd3 $14) 17... Bd6 18. Nxe6 dxe6 19. c5 (19. Bxd6 {simplifies} Nxd6 20. c5 bxc5 21. bxc5 Qa5 22. cxd6 Rac8 23. Rd3) 19... bxc5 20. bxc5 (20. Bxd6 {simplifies} Nxd6 21. bxc5 Qa5 22. cxd6 Rac8 23. Rd3) 20... Rc8 (20... e5 $1 $11 21. Be3 Qc7 $1 22. cxd6 Nxd6) 21. cxd6 (21. Bxd6 $14 Nxd6 22. Rxd6) 21... Nd5 $1 $11 22. Rd3 {[%emt 0:00:00] [#]} (22. Be5 $11 {keeps the balance.}) 22... Nxf4+ $1 $17 (22... Nxd6 $2 23. Bxd6 Qxd6 24. e4 $18) 23. gxf4 Nxd6 24. Rad1 Qf6 25. Rxd6 Rxc3 26. Qa4 Qh4 (26... Rfc8 $17 {aiming for ...R8c4.} 27. R6d4 Qg6+ 28. Kh1 R8c6 29. Rd8+ Kh7) 27. e3 (27. R6d3 $15 Rxd3 28. Rxd3) 27... Qg4+ $17 28. Kf1 Qh4 (28... Qf3 {is interesting.} 29. Rd8 Rxd8 30. Rxd8+ Kh7) 29. Kg2 $1 Rc5 (29... e5 {simplifies} 30. h3 exf4 31. Qxf4 Qxf4 32. exf4 Rxa3 33. Rb6 Rc8) 30. h3 $2 (30. Qe4 $17) 30... Rg5+ $19 31. Kf1 Qxh3+ 32. Ke2 Qh5+ 33. Kf1 Ra5 ({And not} 33... Qg4 34. Rd8 Qh3+ 35. Ke2 Qh5+ 36. Kf1 $17) 34. Qb3 $2 (34. Qc2) 34... Qf3 $19 35. Rd8 Qh1+ (35... Rb5 $142 36. Qd3 g6 37. Rxf8+ Kxf8 38. Qd6+ Kg8 39. Qd8+ Kh7) 36. Ke2 $19 Qh5+ 37. Kf1 Qb5+ (37... Rxd8 $19 38. Rxd8+ Kh7 39. Qd3+ f5) 38. Qxb5 $17 axb5 39. R8d3 Rfa8 40. Rb1 Rxa3 41. Rxa3 Rxa3 42. Rxb5 g6 43. Kg2 Kg7 44. Rb2 Ra5 45. Kf3 Ra1 46. Kg2 Kf6 47. Rc2 h5 48. Rb2 Ra6 49. Rc2 Rd6 50. Rc5 Rd5 51. Rc7 e5 52. e4 Ra5 53. Rc6+ Kg7 54. fxe5 Rxe5 55. f3 g5 56. Kg3 Ra5 57. Rc3 f6 58. Rc7+ Kg6 59. Rc8 (59. Rc6 $17) 59... Ra1 (59... h4+ $19 60. Kh3 Ra1) 60. Rg8+ (60. Rc6 $17 {was called for.}) 60... Kf7 $19 61. Rb8 Rg1+ (61... h4+ $19 62. Kg2 Ra2+ 63. Kh3 Rf2) 62. Kf2 $17 Ra1 (62... Rc1 $17 63. Kg2 h4) 63. Rb7+ (63. Kg3 $1 $11) 63... Kg6 $17 64. Rb6 (64. Kg2 $17) 64... Ra5 (64... Ra2+ $19 65. Kf1 Ra5) 65. Kg3 $17 Kf7 66. Rb7+ Kg6 67. Rb6 Re5 68. Ra6 Kf7 69. Ra7+ Re7 70. Ra6 Kg7 71. Rb6 Rd7 72. Ra6 Rb7 73. Rc6 Rb1 74. Rc7+ Kg6 75. Rc6 h4+ 76. Kf2 (76. Kh3 $17 {is a better defense.}) 76... Rb2+ $19 77. Kg1 Re2 (77... Kf7 $19 78. Rc8 Ke6 79. Re8+ Kd7) 78. Kf1 $17 Ra2 79. e5 Kf5 80. exf6 Ra7 81. Kg2 {[%emt 0:00:02] [#]} Rf7 (81... Kg6 $1 $17 82. Kh3 Ra4) 82. Rc5+ $11 Kxf6 83. Kh3 (83. f4 $1 $11) 83... Kg6 $17 84. Kg2 Rf6 85. Ra5 Re6 (85... Kh5 $17 86. Ra8 Rf5) 86. Kf2 (86. f4 $1 $11 {was the only way to keep the balance.} gxf4 87. Kf3) 86... Kf6 (86... Rb6 $17 87. Ra8 Rb2+ 88. Kf1 Kf6 89. Rf8+ Ke6 90. Re8+ Kf6 91. Rf8+ Ke5) 87. Rb5 (87. f4 $1 $11) 87... Re5 $17 88. Rb8 Ra5 89. Kg2 Ra2+ 90. Kh3 Rf2 91. Rb3 Kf5 92. Ra3 Kf4 ({Black should try} 92... Rf1 $17 {White must now prevent ...Rg1.} 93. Kg2 Re1) 93. Ra4+ $11 Kxf3 94. Ra3+ $2 (94. Ra5 $11) 94... Kf4 $19 95. Ra4+ Kf5 $2 (95... Ke3 $19 {...Rf4 is the strong threat.} 96. Ra3+ Kd4 97. Ra4+ Kd3 98. Ra3+ Kc4 99. Ra4+ Kb3) 96. Ra5+ $11 Kf6 (96... Ke4 $5 97. Rxg5 Rf6 $11) 97. Rxg5 $1 Kxg5 1/2-1/2

[Event "4th Tata Steel India Blitz Open 2022"]
[Site "Kolkota"]
[Date "2022.12.04"]
[Round "14.1"]
[White "Abdusattorov, Nodirbek"]
[Black "Gukesh D"]
[Result "1/2-1/2"]
[ECO "B22"]
[WhiteElo "2713"]
[BlackElo "2725"]
[Annotator "TA"]
[PlyCount "133"]
[EventDate "2022.11.29"]
[EventType "tourn"]
[EventCountry "IND"]
[SourceTitle "playchess.com"]
[Source "ChessBase"]
[SourceQuality "1"]
[TimeControl "180+2"]

1. e4 c5 2. Nf3 Nc6 3. c3 d5 4. exd5 Qxd5 5. d4 Nf6 6. Be2 cxd4 7. cxd4 e6 8. O-O Be7 9. Nc3 Qd6 10. Bg5 O-O 11. Qd2 b6 12. Rac1 {[%emt 0:00:33] Bxf6 is the strong threat. B22: Sicilian: 2 c3.} Bb7 13. Rfd1 Rfd8 14. Bf4 Qd7 15. h3 {[%emt 0:00:02] [#]} Nd5 $146 ({Predecessor:} 15... a6 16. Na4 Nd5 17. Bg3 Bf6 18. Nc3 Nce7 19. Ne4 Rac8 20. Rxc8 Nxc8 21. Nxf6+ Nxf6 {1-0 (58) Gredka,D (1690)-Szelag,Z (1688) Szklarska Poreba 2016}) 16. Bg3 Rac8 17. Bd3 Nf6 18. a3 Bd6 19. Bh4 Be7 20. Qe3 Qe8 (20... Nxd4 $2 21. Nxd4 Nd5 22. Nxd5 Bxh4 23. Rxc8 Qxc8 24. Qe4 $18) 21. Bg3 Na5 22. Nb5 Nd5 23. Qe2 (23. Qe4 $5 Nf6 24. Qe2 $11) 23... a6 (23... Nc6 $11) 24. Nc7 $1 $16 {[%emt 0:00:03] White is more active.} Nxc7 25. Bxc7 (25. Rxc7 $16 Bd5 26. Bxa6) 25... Nb3 $14 26. Bxh7+ Kh8 $2 (26... Kxh7 $11 27. Qd3+ Kg8 28. Qxb3 Rd5) 27. Rc3 $18 Rd7 28. Ne5 $2 (28. Bxb6 Rxc3 29. bxc3 Kxh7 $16) (28. Rxb3 $6 Rdxc7 29. Bb1 b5 $16) (28. Bb1 $1 $18 Rcxc7 29. Ne5 (29. Rxb3 Rd6 $16) (29. Qc2 f5 $16)) 28... Kxh7 $11 (28... Rdxc7 $2 29. Qh5 $18) 29. Bxb6 Rxc3 30. bxc3 Rd5 {[%emt 0:00:02] Strongly threatening ...Kg8.} 31. c4 {[%emt 0:00:05] [#]} Rxe5 $1 32. Qxe5 {[%emt 0:00:16] And now d5 would win.} Qc6 (32... Bxa3 $2 33. d5 $18 (33. Qg3 Qc6 $11)) 33. d5 Qxb6 34. dxe6 $1 {[%emt 0:00:00] Dancing on a razor blade.} Qxe6 (34... Bxa3 35. Qh5+ Kg8 36. Qxf7+ Kh8 37. Qh5+ Kg8 38. Qe8+ (38. Rd7 $2 Qxe6 39. Rd1 Qxc4 $19) 38... Kh7 39. Rd7 $18) 35. Qxe6 {[%emt 0:00:02][%mdl 64] Remove Defender} fxe6 36. Rd7 Bxa3 37. Rxb7 Nc5 38. Rb8 a5 39. Kf1 a4 40. Ra8 (40. Ke2 $11) 40... Bb2 41. Ke2 a3 (41... Kg6 $5) 42. Kd1 Nd3 43. Kc2 Nc5 44. Ra5 Nb7 45. Ra7 Nc5 46. Ra5 {[%emt 0:00:01][%mdl 1024] White has compensation.} Nb7 47. Ra7 Nd6 (47... Bd4 {simplifies} 48. Rxa3 Bxf2 49. Rf3 Bd4) 48. c5 Nb5 49. Ra8 Kg6 50. Kb3 Kf5 51. Kc4 Nd4 52. g3 $2 (52. Ra5 $11 {and White stays safe.} Ke5 53. Ra8) 52... Ke4 (52... Ke5 $1 $19 53. f4+ Ke4) 53. Ra6 $2 (53. h4 $17 {was the crucial defense.}) 53... e5 $2 (53... Kf3 $1 $19 54. Ra4 Kxf2) 54. f4 $1 $15 exf4 55. gxf4 Kxf4 56. Kd5 {[%emt 0:00:03] [#]} Kg3 ({Better is} 56... Nb5 $1 $17 57. Kc4 Nc7) 57. c6 $11 {[%emt 0:00:01] [#]} Nxc6 58. Kxc6 Kxh3 {[%emt 0:00:01][%mdl 4096] Endgame KR-KB} 59. Kd5 g5 60. Ke4 g4 61. Kf4 $2 (61. Ra5 $1 $11 Kh2 62. Kd3) 61... Bc1+ $19 ({Inferior is} 61... g3 62. Kf3 Kh2 63. Rh6+ Kg1 64. Kxg3 $11) 62. Ke4 {[%emt 0:00:00] [#]} Kg2 $2 (62... g3 $1 $19 {[%cal Rg3g2] has better winning chances. ( -> ...g2)} 63. Kf3 g2) 63. Rc6 $2 (63. Kd3 $17) 63... Bb2 64. Kf4 a2 $2 (64... g3 {mates} 65. Rc2+ Kh3 66. Rc6 a2 67. Rh6+ Kg2 68. Rg6 a1=Q 69. Rxg3+ Kh2 70. Rd3 Qe1 71. Re3 Bc1 72. Ke5 Qxe3+ 73. Kd5 Qd3+ 74. Kc5 Be3+ 75. Kc6 Qd4 76. Kc7 Qd5 77. Kc8 Qc6+ 78. Kb8 Qd7 79. Ka8 Qc8#) 65. Ra6 $1 $11 {[%emt 0:00:01] The position is equal.} a1=Q 66. Rxa1 Bxa1 67. Kxg4 {What a fight!   Weighted Error Value: White=0.26 (precise) /Black=0.34} 1/2-1/2

[Event "4th Tata Steel India Blitz Open 2022"]
[Site "Kolkota"]
[Date "2022.12.04"]
[Round "14.2"]
[White "Erigaisi Arjun"]
[Black "So, Wesley"]
[Result "1-0"]
[ECO "D00"]
[WhiteElo "2718"]
[BlackElo "2760"]
[Annotator "TA"]
[PlyCount "85"]
[EventDate "2022.11.29"]
[EventType "tourn"]
[EventCountry "IND"]
[SourceTitle "playchess.com"]
[Source "ChessBase"]
[SourceQuality "1"]
[TimeControl "180+2"]

1. d4 Nf6 2. Nc3 d5 3. Bf4 e6 4. Nb5 Na6 5. e3 Be7 6. Nf3 {[%emt 0:00:01] D00: 1 d4 d5: Unusual lines.} O-O 7. h4 c6 8. Nc3 {[%emt 0:00:02] The position is equal.} Qb6 9. Rb1 c5 10. a3 Bd7 {[%emt 0:00:02] [#]} 11. Ne5 $146 ({Predecessor:} 11. Bd3 c4 12. Be2 Qd8 13. Ne5 Be8 14. g4 Nd7 15. Nf3 Nc7 16. g5 b5 17. h5 {½-½ (30) Cirulis,I (2239)-Mirra,T (2164) FICGS email 2020}) 11... Nb8 12. g4 Bc6 13. g5 Ne4 14. Nxe4 dxe4 15. Rh3 {[%emt 0:00:34] White is more active.} ({Better is} 15. Nc4 $16 Qb5 16. Nd2) 15... Nd7 $11 16. Nxc6 Qxc6 17. h5 cxd4 (17... Rad8 $5 ) 18. exd4 Qd5 19. Rg3 Rad8 (19... Nb6 {is interesting.} 20. c3 f5 21. gxf6 Bxf6 22. Qe2 Bxd4 23. Rg4 Qa5) 20. c4 $1 Qf5 21. Qg4 (21. Bc7 {keeps more tension.} Bxg5 22. Qg4 Rc8 23. Bd6) 21... Qxg4 22. Rxg4 f5 23. Rg3 Nb8 24. Rd1 Bd6 $2 {[%emt 0:00:04] This costs Black the game.} (24... Nc6 $14) 25. Bxd6 $18 Rxd6 {[%emt 0:00:01] [#]} 26. c5 $1 Rd5 (26... Rd7 $16) 27. Bc4 Rfd8 28. Rb3 R8d7 29. Bxd5 exd5 {[%emt 0:00:01][%mdl 4096] Endgame KRR-KRN} 30. f4 Nc6 31. Ke2 Kf7 32. Rg3 {[%emt 0:00:04] Hoping for g6+.} Ke6 33. b4 a6 34. Rb3 b5 $2 {[%emt 0:00:13] [#]} (34... Na7 35. a4 Nc8) 35. cxb6 {[%emt 0:00:05] White is clearly winning.} Rb7 36. Ke3 Rxb6 37. Rc3 Kd6 38. Rdc1 Kd7 39. Rc5 Kd6 40. R1c3 h6 41. gxh6 gxh6 42. Rc1 Ne7 43. Rg1 {[%emt 0:00:04] Weighted Error Value: White=0.13 (very precise) /Black=0.30} 1-0

[Event "4th Tata Steel India Blitz Open 2022"]
[Site "Kolkota"]
[Date "2022.12.04"]
[Round "14.3"]
[White "Maghsoodloo, Parham"]
[Black "Mamedyarov, Shakhriyar"]
[Result "1/2-1/2"]
[ECO "D11"]
[WhiteElo "2720"]
[BlackElo "2741"]
[Annotator "TA"]
[PlyCount "58"]
[EventDate "2022.11.29"]
[EventType "tourn"]
[EventCountry "IND"]
[SourceTitle "playchess.com"]
[Source "ChessBase"]
[SourceQuality "1"]
[TimeControl "180+2"]

1. d4 d5 2. Nf3 Nf6 3. c4 c6 4. e3 Bg4 5. h3 Bxf3 6. Qxf3 e6 7. Nc3 Nbd7 8. Bd2 {[%emt 0:00:04] D11: Slav Defence: 3 Nf3 sidelines and 3...Nf6 4 e3 Bg4.} Bb4 9. Bd3 O-O 10. O-O e5 {[%emt 0:00:23] [#] White must now prevent ...e4.} 11. cxd5 cxd5 (11... Bxc3 {is more complex.} 12. Bxc3 Nxd5 13. Bc4 Nxc3 14. bxc3 Nb6) 12. Qd1 {[%emt 0:00:13] [#]} exd4 $146 ({Predecessor:} 12... e4 13. Be2 Bd6 14. Qb3 Nb6 15. a4 Rc8 16. a5 Nc4 17. Bxc4 dxc4 18. Qxb7 Rb8 19. Qxa7 Rxb2 {½-½ (64) Malakhov,V (2716)-Dubov,D (2629) Warsaw 2013}) 13. exd4 Qb6 14. Qb3 {[%emt 0:00:17] [#] Threatens to win with Na4.} Ba5 (14... Qxd4 $2 15. Nb5 Nc5 16. Nxd4 $18 (16. Qxb4 Qxd3 17. Rfd1 Ne6 $11) (16. Bxb4 Nxb3 17. Nxd4 Nxd4 $16)) 15. Be3 (15. Nxd5 $2 {is the wrong capture.} Qxb3 16. axb3 Bxd2 $19) 15... Qxb3 16. axb3 Bb4 17. Na2 Bd6 18. b4 a6 19. b5 axb5 20. Bxb5 Nb6 21. Nc3 h6 22. Rfc1 Ne4 23. Ne2 Rxa1 24. Rxa1 Nc4 25. Bxc4 dxc4 26. Nc3 Nxc3 27. bxc3 Rb8 28. g3 g5 (28... Kf8 $14 {feels stronger.}) 29. f4 ({White should play} 29. g4 $16) 29... gxf4 {[%emt 0:00:07] Weighted Error Value: White=0.09 (flawless) /Black=0.09 (flawless)} 1/2-1/2

[Event "4th Tata Steel India Blitz Open 2022"]
[Site "Kolkota"]
[Date "2022.12.04"]
[Round "14.4"]
[White "Nakamura, Hikaru"]
[Black "Vidit, Santosh Gujrathi"]
[Result "1-0"]
[ECO "A20"]
[WhiteElo "2768"]
[BlackElo "2724"]
[Annotator "TA"]
[PlyCount "89"]
[EventDate "2022.11.29"]
[EventType "tourn"]
[EventCountry "IND"]
[SourceTitle "playchess.com"]
[Source "ChessBase"]
[SourceQuality "1"]
[TimeControl "180+2"]

1. c4 e5 2. d3 Nf6 3. a3 Nc6 4. b4 d5 5. cxd5 Nxd5 6. Nf3 {[%emt 0:00:06] [#] A20: English Opening: 1...e5.} Bd6 $146 ({Predecessor:} 6... a5 7. b5 Nd4 8. Bb2 Nxf3+ 9. gxf3 Bd6 10. Nd2 O-O 11. Nc4 Qh4 12. Qd2 Re8 {½-½ (35) Grandelius,N (2666)-Blomqvist,E (2537) Malmo 2021}) 7. e4 Nde7 8. Bb2 {[%emt 0:00:07] The position is equal.} a6 9. Nbd2 O-O 10. Nc4 Ng6 11. g3 b5 12. Ne3 a5 13. bxa5 Nxa5 (13... Be6 $15) 14. Bg2 (14. h4 $1 $11) 14... c5 $15 15. h4 Re8 16. h5 Nf8 17. h6 g6 18. O-O f6 19. Nd5 Ne6 20. Nh2 Rf8 (20... Nc6 {with more complications.} 21. Ng4 Rf8 22. f4 Ned4) 21. Rb1 Nc6 22. Nf3 Kh8 23. Bh3 Rb8 24. Kh2 Rf7 25. Bc1 Nc7 (25... Bd7 $17) 26. Bxc8 Qxc8 27. Qb3 c4 (27... Ne6 $15) 28. dxc4 $11 bxc4 29. Qxc4 Rxb1 30. Qxc6 (30. Nc3 $11 Ne6 31. Nxb1) 30... Qd7 (30... Bxa3 $17 {White must now prevent ...Qa6.} 31. Bxa3 Rxf1) 31. Qc2 (31. Qxd7 $11 Rxd7 32. Nd2) 31... Rb8 $17 32. Rd1 Nxd5 33. Rxd5 Qg4 (33... Qc7 $1 $17 34. Qxc7 Bxc7) 34. Kg2 (34. Rxd6 $11 Qxf3 35. Be3) 34... Bf8 $1 $15 {[%emt 0:00:01] ...Qc8 is the strong threat.} 35. a4 Rb4 $2 (35... Qc8 $17 36. Qxc8 Rxc8) 36. Rd8 Kg8 37. Ba3 Qxe4 38. Qc8 (38. Qc5 $142 Qd3 39. Rxf8+ (39. Rxd3 Bxc5 40. Bxb4 Bxb4 $11) 39... Rxf8 40. Bxb4) 38... g5 $18 39. Bxb4 (39. Qc5 $142 Qd3 40. Rxf8+ (40. Rxd3 Bxc5 41. Bxb4 Bxb4 $14) 40... Rxf8 41. Bxb4) 39... Qxb4 40. Qc6 {[%emt 0:00:08] Against Qe4} (40. Qe6 $18 {has better winning chances. Threatens to win with Rd7.} Qe7 41. Qd5) 40... g4 $16 41. Nh4 {[%emt 0:00:01] White is more active.} (41. Nh2 $1 $16 {Hoping for Qe6.} f5 42. Rd7 Rxd7 43. Qxd7 Qe4+ 44. Kg1 Bxh6 45. Nf1) 41... f5 $2 {[%emt 0:00:01][%mdl 8192] [#]} (41... Qb7 $11 42. Rc8 (42. Qxb7 Rxb7 43. Ra8 Kf7 $11) 42... Qxc6+ 43. Rxc6 Ra7) 42. Qd5 $2 (42. Ng6 $1 {[%mdl 512] mates} Qe4+ 43. Qxe4 fxe4 44. Rxf8+ Rxf8 45. Nxf8 Kxf8 46. a5 Kf7 47. a6) 42... Qxa4 $2 (42... Qb7 $14) 43. Nxf5 {[%emt 0:00:02] White mates.} ({Inferior is} 43. Qxe5 Qe4+ 44. Qxe4 fxe4 $11) 43... e4 44. Nd6 Qa3 45. Qxf7+ {[%emt 0:00:02] Weighted Error Value: White=0.68/Black=0.60} 1-0

[Event "4th Tata Steel India Blitz Open 2022"]
[Site "Kolkota"]
[Date "2022.12.04"]
[Round "14.5"]
[White "Nihal Sarin"]
[Black "Rameshbabu, Praggnanandhaa"]
[Result "0-1"]
[ECO "D02"]
[WhiteElo "2670"]
[BlackElo "2678"]
[Annotator "TA"]
[PlyCount "116"]
[EventDate "2022.11.29"]
[EventType "tourn"]
[EventCountry "IND"]
[SourceTitle "playchess.com"]
[Source "ChessBase"]
[SourceQuality "1"]
[TimeControl "180+2"]

1. d4 Nf6 2. Nf3 d5 3. c3 e6 4. Bf4 Bd6 5. e3 O-O 6. Nbd2 {[%emt 0:00:02] D02: 1 d4 d5 2 Nf3 sidelines, including 2...Nf6 3 g3 and 2...Nf6 3 Bf4.} c5 7. Bd3 Qc7 8. Bxd6 {[%emt 0:00:02] White has an edge.} Qxd6 9. Ne5 b6 10. f4 Ba6 11. Bc2 (11. Bxa6 {simplifies} Nxa6 12. g4 Nd7 13. g5) 11... Nc6 12. g4 Nd7 13. g5 {[%emt 0:00:04] [#]} (13. Qf3 {simplifies} Rad8 14. Nxc6 Qxc6 15. O-O-O) 13... f5 $5 $146 {[%emt 0:00:33][%mdl 8] An interesting novelty.} ({Better is} 13... cxd4 $1 $11 14. exd4 (14. Qh5 $2 g6 $19) 14... Ndxe5 15. fxe5 Nxe5 $1 16. dxe5 Qxe5+ 17. Kf2 d4) ({Predecessor:} 13... cxd4 14. Nxd7 Qxd7 15. exd4 Qc7 16. Rg1 Qxf4 17. Qf3 Qxf3 18. Nxf3 f6 19. a4 Rac8 {½-½ (30) Ding,L (2808)-Xu,Y (2507) Fuling 2022}) 14. gxf6 $14 Nxf6 15. Rg1 (15. Qf3 $14) 15... Rac8 16. Nxc6 Rxc6 17. Nf3 cxd4 18. Nxd4 (18. Qxd4 {seems wilder.} Rc7 19. Rg2 Qc5 20. Qe5) 18... Rc7 19. Qf3 (19. Nf3 {simplifies} Qc5 20. Qd4 Qxd4 21. Nxd4 Re8 22. Ba4) 19... e5 $1 20. fxe5 (20. Nf5 $5 Qc5 21. Rg5 $11 (21. fxe5 Ne4 $15)) 20... Qxe5 21. O-O-O Ne4 ({Don't take} 21... Qxh2 22. Rh1 (22. Ne6 Be2 $17) 22... Qe5 23. Rxh7 Nxh7 24. Bxh7+ Kxh7 25. Qxf8 $16) 22. Qh3 {[%emt 0:00:02] Strongly threatening Qe6+.} Bc8 {[%emt 0:00:33] Against Qe6+} 23. Qh4 Rcf7 (23... g6 {simplifies} 24. Bxe4 Qxe4 25. Qxe4 dxe4 26. h4 Rf6) 24. Nc6 $40 {[%emt 0:00:38][%mdl 128] Black needs to defend precisely.} Qe8 25. Nb4 Bb7 (25... Kh8 $142) 26. Nxd5 $16 Bxd5 27. Rxd5 Nf6 {[%emt 0:00:02] [#]} 28. Qh3 Re7 {[%emt 0:00:05][%cal Oe7e3] [#]} 29. Rdg5 $1 Kh8 30. R5g3 Qb5 31. Kb1 Qe5 32. Qg2 g6 33. Qh3 Nh5 34. Rg5 (34. Rf3 $16 Rxf3 35. Qxf3) 34... Qxe3 $11 35. Qh4 {[%emt 0:00:01][%mdl 8192] Black converts the advantage convincingly.} (35. Qxe3 $11 {and White is okay.} Rxe3 36. R5g2) 35... Rf4 $19 36. R1g4 (36. Qxh5 $19 Qxg1+ 37. Rxg1 gxh5 38. Bb3) 36... Qe1+ (36... Rf1+ $142 37. Bd1 Qd3+ 38. Kc1 Rxd1#) 37. Qxe1 {[%emt 0:00:01] Black is clearly winning.} Rxe1+ 38. Bd1 Rxg4 39. Rxg4 Rxd1+ {[%emt 0:00:00][%mdl 4096] Endgame KRN-KR} 40. Kc2 Rd7 41. a4 Nf6 42. Rh4 Kg7 43. b4 g5 44. Rh3 g4 45. Re3 h5 46. c4 h4 47. Kb3 Kg6 {[%emt 0:00:01] ...Rd2 is the strong threat.} 48. c5 bxc5 49. bxc5 Rc7 50. Kc4 Nd7 51. Re7 Rxc5+ 52. Kd4 Rc7 53. a5 g3 54. hxg3 h3 55. Re6+ Nf6 56. Re1 h2 57. Rh1 Ng4 58. a6 Rh7 {[%emt 0:00:02] Weighted Error Value: White=0.48/Black=0.27 (precise)} 0-1

[Event "4th Tata Steel India Blitz Open 2022"]
[Site "Kolkota"]
[Date "2022.12.04"]
[Round "15.1"]
[White "Rameshbabu, Praggnanandhaa"]
[Black "Abdusattorov, Nodirbek"]
[Result "1/2-1/2"]
[ECO "D02"]
[WhiteElo "2678"]
[BlackElo "2713"]
[Annotator "TA"]
[PlyCount "105"]
[EventDate "2022.11.29"]
[EventType "tourn"]
[EventCountry "IND"]
[SourceTitle "playchess.com"]
[Source "ChessBase"]
[SourceQuality "1"]
[TimeControl "180+2"]

1. Nf3 d5 2. g3 Nc6 3. d4 Bf5 4. Bg2 Nb4 5. Na3 e6 6. O-O Be7 7. Ne5 {[%emt 0:00:09] D02: 1 d4 d5 2 Nf3 sidelines, including 2...Nf6 3 g3 and 2...Nf6 3 Bf4.} Nf6 8. c3 {[%emt 0:00:02] Against c5} Nc6 9. Qa4 O-O 10. Nxc6 bxc6 11. Qxc6 h5 12. c4 Rb8 13. c5 Qd7 $1 14. Qxd7 Nxd7 15. e4 {[%emt 0:00:04] [#]} Bxe4 $146 ({Predecessor:} 15... dxe4 16. Nc4 Rb4 17. b3 Nb8 18. Bd2 Rb5 19. Na5 Bg5 20. Bxg5 Rxa5 21. a4 Nc6 {1-0 (40) Banusz,T (2611)-Borisek,J (2577) Chennai 2022}) 16. Bxe4 dxe4 17. Nc4 f5 18. Bf4 Rfc8 19. h4 Nf6 20. b3 Nd5 21. Be5 Bf6 22. f3 exf3 23. Rxf3 Re8 24. Re1 Kf7 25. a3 Rbd8 26. b4 a6 27. Kg2 (27. Rb3 $5 ) 27... Rd7 28. Rb3 Rb8 29. Na5 (29. Reb1 $14) 29... Ne7 ({Resist} 29... Bxe5 30. Nc6 (30. Rxe5 Rg8 $11) 30... Bxg3 31. Rxg3 $16 (31. Nxb8 Rd8 $16)) 30. Bxf6 (30. c6 {is more complex.} Rd5 31. Bxc7 Rc8 32. Be5) 30... gxf6 31. Rbe3 Rxd4 {[%emt 0:00:05] [#] White must now prevent ...e5.} 32. Rxe6 Rd2+ (32... Nd5 {keeps more tension.} 33. Nc6 Rg4 34. Nxb8 Nf4+) 33. R6e2 Rxe2+ 34. Rxe2 $11 {[%emt 0:00:01][%mdl 4096] Endgame KRN-KRN} Rg8 35. Kf3 {[%emt 0:00:13] Against f4} Rg4 36. Nb7 {[%emt 0:00:02] Against f4} (36. Rd2 $11 {keeps the balance.}) 36... Nc6 $17 {[%emt 0:00:01] [#] Strongly threatening ...Nd4+.} 37. Re3 Ne5+ ({Black should try} 37... Rc4 $17) 38. Ke2 $1 $15 f4 39. gxf4 Rxf4 40. Nd8+ Ke7 $1 41. Nc6+ Ke6 42. a4 Rxh4 43. b5 Rxa4 (43... Rh2+ $15 44. Kf1 axb5 45. axb5 Rh1+ 46. Ke2 Rh2+ 47. Kf1 Rb2) 44. b6 $11 {[%emt 0:00:03] Hoping for b7.} cxb6 (44... Ra2+ $15 45. Kd1 cxb6 46. cxb6 Kd7 47. Nxe5+ fxe5 48. Rxe5 h4) 45. cxb6 {[%emt 0:00:01] Threatens to win with b7. The position is equal.} Kd6 46. Nxe5 fxe5 {[%emt 0:00:21] KR-KR} 47. Rb3 Re4+ 48. Kd2 (48. Kd1 $5 Rd4+ $8 49. Ke2 Re4+ 50. Kd1 Rd4+ 51. Ke2 Re4+ $11) 48... Rd4+ 49. Ke2 {[%emt 0:00:04] b7 would kill now.} (49. Ke1 $5 Re4+ $8 50. Kd2 Rd4+ 51. Ke1 Re4+ 52. Kd2 $11) 49... Re4+ $1 50. Kd2 $1 {[%emt 0:00:00] White wants to mate with b7.} Rd4+ 51. Ke2 {[%emt 0:00:04] White threatens b7 and mate.} (51. Ke1 $5 Re4+ $8 52. Kd2 $11) 51... Re4+ $1 52. Kd2 {[%emt 0:00:00] Threatening mate with b7.} (52. Kd1 $5 Rd4+ $8 53. Ke2 $11) 52... Rd4+ 53. Ke2 {[%emt 0:00:01] Weighted Error Value: White=0.09 (flawless) /Black=0.10 (very precise)} (53. Ke1 $5 Re4+ $8 54. Kd2 $11) 1/2-1/2

[Event "4th Tata Steel India Blitz Open 2022"]
[Site "Kolkota"]
[Date "2022.12.04"]
[Round "15.2"]
[White "Gukesh D"]
[Black "Vidit, Santosh Gujrathi"]
[Result "1-0"]
[ECO "D87"]
[WhiteElo "2725"]
[BlackElo "2724"]
[Annotator "TA"]
[PlyCount "71"]
[EventDate "2022.11.29"]
[EventType "tourn"]
[EventCountry "IND"]
[SourceTitle "playchess.com"]
[Source "ChessBase"]
[SourceQuality "1"]
[TimeControl "180+2"]

1. d4 Nf6 2. c4 g6 3. Nc3 d5 4. cxd5 Nxd5 5. e4 Nxc3 6. bxc3 Bg7 7. Bc4 c5 8. Ne2 O-O 9. Be3 Nc6 10. O-O e6 {[%emt 0:00:03] 10...Bg4 is the modern continuation.} 11. dxc5 {[%emt 0:00:06] D87: Exchange Grünfeld: Classical Line: Variations without ...cxd4.} Ne5 12. Qxd8 Rxd8 13. Rfd1 {[%emt 0:00:05] White is slightly better.} Bd7 14. Bb3 {[%emt 0:00:02] [#]} Bb5 $146 ({Predecessor:} 14... Bc6 15. f3 Rdc8 16. Nf4 a5 17. a4 Be8 18. Bd4 Nc6 19. Bxg7 Kxg7 20. Nd3 Nb8 {½-½ (46) Swiercz,D (2652)-Shankland,S (2712) Saint Louis 2022}) 15. Nd4 Ba6 16. f3 Rdc8 {[%emt 0:00:23] [#]} (16... Bf8 $5 ) 17. Nxe6 $1 fxe6 18. Bxe6+ Kf8 19. Bxc8 Rxc8 20. Rab1 Nd3 {[%emt 0:00:20] [#]} 21. Rxd3 $1 Bxd3 {[%emt 0:00:03] A strong pair of Bishops.} 22. Rxb7 {[%emt 0:00:01] And now Bd4 would win.} Bxc3 {[%emt 0:00:24] A mistake that costs the game.} (22... Bf6 $11 {and Black has nothing to worry.}) 23. Rb3 $18 ({Worse is} 23. Rxa7 Rb8 24. g3 (24. Rxh7 {leads to mate.} Rb1+ 25. Kf2 Be1+ 26. Kg1 Bh4+) 24... Rb1+ 25. Kg2 Bf1+ 26. Kf2 Bc4 $11) (23. Rxh7 a5 $11) 23... Bc4 24. Rxc3 Bxa2 {[%emt 0:00:01][%mdl 4096] Endgame KRB-KRB} 25. Ra3 {[%emt 0:00:01][%csl LRa2,LRa7] Inhibits a6.} Be6 26. Rxa7 h5 27. h4 Rb8 28. Kf2 Rb2+ 29. Kg3 Rc2 30. Kf4 Rxg2 31. Ke5 Bh3 32. c6 (32. Kf6 $142 Kg8 33. Rg7+ Kh8 34. Bd4 Ra2 35. c6 Ra4 36. Be5 Ra5 37. Re7) 32... Rc2 {[%emt 0:00:02] White is clearly winning.} 33. Bh6+ Kg8 34. Rg7+ Kh8 35. Rxg6 Kh7 36. Rf6 {[%emt 0:00:03] Weighted Error Value: White=0.04 (flawless) /Black=0.83} 1-0